 Dungeon Crawl Stone Soup version 0.18.1-48-g4cf74bf (webtiles) character file.

43 Alarkh the Slasher (level 3, -1/27 HPs)
             Began as a Mummy Skald on Sept 11, 2016.
             Slain by a gnoll
             ... wielding a +0 spear
              (4 damage)
             ... on level 1 of the Dungeon.
             The game lasted 00:01:38 (1321 turns).

Alarkh the Slasher (Mummy Skald)                    Turns: 1321, Time: 00:01:39

Health: -1/27      AC:  3    Str: 15    XL:     3   Next: 37%
Magic:  4/6        EV: 11    Int: 12    God:
Gold:   79         SH:  0    Dex: 11    Spells: 1 memorised, 5 levels left

rFire  x . .     SeeInvis .     a - +0 falchion
rCold  + . .     Gourm    .     b - +0 leather armour
rNeg   + + +     Faith    .     (no shield)
rPois  ∞         Spirit   .     (no helmet)
rElec  .         Dismiss  .     (no cloak)
rCorr  .         Reflect  .     (no gloves)
SustAt .         Harm     .     (no boots)
MR     .....                    (no amulet)
Stlth  +.........               (no ring)
                                (no ring)

@: infused, not resistant to hostile enchantments, very unstealthy
A: no food or potions, fire vulnerability, cold resistance 1, negative energy
resistance 3, torment resistance, unbreathing
a: no special abilities


You were on level 1 of the Dungeon.
You were not hungry.

You visited 1 branch of the dungeon, and saw 2 of its levels.

You collected 79 gold pieces.

Inventory:

Hand Weapons
 a - a +0 falchion (weapon)
Armour
 b - a +0 leather armour (worn)
Scrolls
 d - a scroll of amnesia
 e - a scroll of identify
 f - a scroll of blinking
 g - a scroll of teleportation {unknown}
 h - a scroll of recharging {unknown}
 i - a scroll of enchant weapon {unknown}
 j - a scroll of remove curse {unknown}
Books
 c - a book of Battle

   Spells                             Type                      Level
   a - Infusion                       Charms                       1
   b - Shroud of Golubria             Charms/Translocation         2
   c - Song of Slaying                Charms                       2
   d - Spectral Weapon                Hexes/Charms                 3
   e - Regeneration                   Charms/Necromancy            3


   Skills:
 - Level 2.0 Fighting
 + Level 3.1 Long Blades
 - Level 0.7 Armour
 - Level 0.7 Dodging
 - Level 2.0 Spellcasting
 - Level 2.4 Charms


You had 5 spell levels left.
You knew the following spells:

 Your Spells              Type           Power        Failure   Level  Hunger
a - Infusion              Chrm           #...         14%         1    N/A

Dungeon Overview and Level Annotations

Branches:
Dungeon (2/15)

Altars:


Innate Abilities, Weirdness & Mutations

You do not eat or drink.
Your flesh is vulnerable to fire.
You are immune to poison.
Your flesh is cold resistant.
You are immune to negative energy.
You are immune to unholy pain and torment.
You can survive without breathing.


Message History

The gnoll hits you but does no damage.
There is an escape hatch in the ceiling here.
The gnoll hits you from afar with a spear.
The gnoll hits you with a spear. A mysterious force pulls you upwards.
The hatch slams shut behind you.
Casting: Infusion
Confirm with . or Enter, or press ? or * to list all spells.
You begin infusing your attacks with magical energy.
The gnoll hits you with a spear.
Unknown command.
You closely miss the gnoll. The gnoll hits you with a spear.
You barely miss the gnoll. The gnoll hits you with a spear.
* * * LOW HITPOINT WARNING * * *
You hit the gnoll!
The gnoll is heavily wounded.
The gnoll barely misses you.
You barely miss the gnoll.
The gnoll is heavily wounded.
The gnoll hits you with a spear.
You die...

.##.###................##........
....########..##..#######....####
.....#######..##<.#######.#...###
.....##................##.#%####.
.....#..................#.#......
.....#...##...##...##...#.#+#'###
.....#..####..##(.####..#.......#
#....#..####..##g.####..#.......#
.....#...##...##@..##...#.......#
.....#........##........#.......#
..##.#'......####......'#.......#
..##..##################..†.....'
..##.....(.....#................#
######..######...#########....)(#
###..############# ##'#####
#...>............# #.#####
################.# #......


You could see a gnoll.

Vanquished Creatures
  An adder (D:2)
  A worm (D:2)
  3 dart slugs (D:1)
  7 bats
  5 goblins
  2 hobgoblins
  3 giant newts (D:1)
  A kobold (D:2)
  5 rats
28 creatures vanquished.

Notes
Turn   | Place    | Note
--------------------------------------------------------------
     0 | D:1      | Alarkh the Mummy Skald began the quest for the Orb.
     0 | D:1      | Reached XP level 1. HP: 16/16 MP: 3/3
   126 | D:1      | Reached skill level 2 in Long Blades
   157 | D:1      | Reached XP level 2. HP: 17/22 MP: 0/5
   906 | D:2      | Reached XP level 3. HP: 26/27 MP: 4/6
   916 | D:2      | Reached skill level 3 in Long Blades
  1321 | D:1      | Slain by a gnoll

Skill      XL: |  1  2  3 |
---------------+----------+-----
Long Blades    | 2 3 |  3.1
Fighting       | |  2.0
Armour         | |  0.7
Dodging        | |  0.7
Spellcasting   | |  2.0
Charms         | |  2.4

Action                   || total
-------------------------++-------
Melee: Falchion          ||    94
 Cast: Infusion          ||     7
  Use: Scroll            ||     2
Armor: Leather armour    ||    27
Dodge: Dodged            ||    64
